AoeStats
← j-ziel

Arabia

509072529Analyzed
1v1 RM · 8d ago on Sep 25, 2026· 67m 20s· 2 players
Game mode
Random Map
Map size
Tiny (2 player)
Population
200
Speed
Normal
Resources
Standard
Victory
Conquest
Starting age
Dark Age
Ending age
Imperial Age
RankedLock teamsTeams togetherTeam positionsShared explorationLock speedFull tech treeHidden civsTurbo modeCheats
Victory
Defeat
🇩🇪 Teutons · Germany
1265
+17
🇫🇷 Malians · France
1277
-17
j-ziel
6:25 Loom
9:25 Feudal Age
10:31 Double-Bit Axe
11:22 Horse Collar
14:44 Man-at-Arms
18:06 Fletching
20:44 Scale Barding Armor
20:40 Padded Archer Armor
21:21 Bloodlines
21:31 Scale Barding Armor
24:46 Castle Age
25:26 Forging
26:18 Chain Barding Armor
27:08 Gold Mining
31:38 Stone Mining
32:17 Bow Saw
35:14 Wheelbarrow
40:32 Imperial Age
38:53 Iron Casting
38:14 Bodkin Arrow
40:03 Leather Archer Armor
41:02 Ironclad
40:34 Town Watch
41:04 Hand Cart
43:12 Stone Shaft Mining
43:09 Town Patrol
42:37 Cavalier
44:24 Plate Barding Armor
45:07 Blast Furnace
44:48 Conscription
45:26 Town Patrol
45:56 Ballistics
46:17 Heavy Scorpion
48:20 Crenellations
48:35 Arrowslits
49:50 Chemistry
49:25 Scale Mail Armor
50:20 Chain Mail Armor
50:20 Siege Engineers
50:03 Pikeman
51:08 Squires
50:54 Arson
50:55 Gambesons
51:06 Halberdier
53:27 Paladin
54:25 Masonry
54:54 Heavy Plow
56:43 Crop Rotation
60:04 Hoardings
60:32 Plate Mail Armor
61:09 Two-Man Saw
60:59 Elite Teutonic Knight
61:10 Sappers
61:15 Capped Ram
64:10 Ring Archer Armor
JEAN MAX
3:02 Loom
11:52 Feudal Age
12:40 Horse Collar
12:48 Double-Bit Axe
14:10 Man-at-Arms
17:13 Fletching
17:56 Scale Mail Armor
18:44 Wheelbarrow
19:16 Padded Archer Armor
27:14 Castle Age
26:16 Forging
27:26 Pikeman
28:06 Squires
28:49 Gold Mining
29:39 Heavy Plow
32:10 Chain Mail Armor
33:54 Iron Casting
33:34 Stone Mining
37:03 Hand Cart
41:18 Imperial Age
40:10 Husbandry
41:47 Scale Barding Armor
41:08 Light Cavalry
42:02 Bloodlines
42:34 Gold Shaft Mining
41:30 Heavy Camel Rider
42:52 Crop Rotation
43:53 Chain Barding Armor
44:30 Farimba
45:23 Conscription
46:00 Plate Barding Armor
52:17 Elite Gbeto
54:48 Plate Mail Armor
54:13 Elite Skirmisher
61:52 Bodkin Arrow
62:13 Leather Archer Armor
63:59 Ring Archer Armor
63:24 Light Cavalry
64:52 Town Watch
Connection lost

Rejoining the realm…

Still unreachable

The connection could not be restored.

Session expired

The server has moved on; the page needs a fresh start.